 Dungeon Crawl Stone Soup version 0.20.1-1-g8b1a95d (webtiles) character file.

205 Jeffwins the Slasher (level 5, 0/36 HPs)
             Began as an Octopode Fighter on Aug 4, 2017.
             Was an Initiate of Ashenzari.
             Slain by Golfball's ghost (12 damage)
             ... on level 4 of the Dungeon.
             The game lasted 00:03:26 (2326 turns).

Jeffwins the Slasher (Octopode Fighter)             Turns: 2326, Time: 00:03:27

Health: 0/36       AC:  1    Str: 21    XL:     5   Next: 83%
Magic:  5/5        EV: 14    Int: 10    God:    Ashenzari [......]
Gold:   131        SH:  0    Dex: 12    Spells: 4/4 levels left

rFire    . . .     SeeInvis .   a - +0 long sword
rCold    . . .     Gourm    .   (no shield)
rNeg     . . .     Faith    .   (helmet restricted)
rPois    .         Spirit   .   (no amulet)
rElec    .         Reflect  .   (no ring)
rCorr    .         Harm     .   (no ring)
MR       .....                  (no ring)
Stlth    ++........             (no ring)
Regen    0.2/turn               (no ring)
MPRegen  0.1/turn               (no ring)
                                (no ring)
                                (no ring)

@: mighty
A: almost no armour, stealthy swim, amphibious, 8 rings, constrict 8, camouflage
1, gelatinous body 1
a: Curse Item, Renounce Religion


You were on level 4 of the Dungeon.
You worshipped Ashenzari.
Ashenzari was noncommittal.
You were not hungry.

You visited 1 branch of the dungeon, and saw 4 of its levels.

You collected 131 gold pieces.

Inventory:

Hand Weapons
 a - a +0 long sword (weapon)
Armour
 b - a +0 shield
Wands
 r - a wand of disintegration (12/24)
Scrolls
 f - a scroll of magic mapping {unknown}
 g - a scroll of noise {unknown}
 h - 2 scrolls of teleportation {unknown}
 k - a scroll of blinking {unknown}
 m - 3 scrolls of remove curse
 n - a scroll of fear {unknown}
 o - 2 scrolls of identify {unknown}
 p - 2 scrolls of immolation {unknown}
Potions
 c - a potion of might
 e - a potion of cancellation {unknown}
 j - a potion of haste {unknown}
 l - a potion of magic {unknown}
Comestibles
 d - 2 bread rations
 i - 3 meat rations


   Skills:
 - Level 3.0 Fighting
 + Level 5.9 Long Blades
 - Level 3.0 Dodging
 - Level 3.0 Shields


You had 4 spell levels left.
You didn't know any spells.

Dungeon Overview and Level Annotations

Branches:
Dungeon (4/15)
 Temple: D:4-7

Altars:
Ashenzari

Annotations:
D:4 Golfball's ghost, novice GrBe


Innate Abilities, Weirdness & Mutations

You cannot wear most types of armour.
You are very stealthy in the water. (Stealth+)
You are amphibious.
You can wear up to eight rings at the same time.
You can use your tentacles to constrict eight enemies at once.
Your skin changes colour to match your surroundings (Stealth+).
Your rubbery body absorbs attacks. (AC +1, EV +1)


Message History

Here: Golfball's ghost The floor.
Unknown command.
You feel very mighty all of a sudden.
You completely miss Golfball's ghost. You squeeze Golfball's ghost!
Golfball's ghost is moderately damaged.
Golfball's ghost closely misses you.
You riposte.
You slash Golfball's ghost! Your squeeze misses Golfball's ghost.
Golfball's ghost is heavily damaged.
You closely miss Golfball's ghost.
Golfball's ghost is heavily damaged.
Golfball's ghost hits you!
Golfball's ghost hits you but does no damage.
You closely miss Golfball's ghost.
Golfball's ghost is heavily damaged.
Golfball's ghost hits you!
You closely miss Golfball's ghost. You squeeze Golfball's ghost!
Golfball's ghost is severely damaged.
Golfball's ghost hits you!
You die...

# ..# ∩ ... ..
#
#####.####..#..
.......@......#
........W.....#
.....[.......##
...............
.....$.......##
.............#
...?.........#
............##


You could see Golfball's ghost.

Vanquished Creatures
  A hound (D:3)
  Crazy Yiuf (D:2)
  Jessica (D:2)
  3 adders (D:3)
  An ooze (D:1)
  A worm (D:2)
  4 dart slugs
  A leopard gecko (D:1)
  6 bats
  2 giant cockroaches (D:2)
  5 goblins
  10 hobgoblins
  17 jackals
  7 kobolds
  A quokka (D:3)
  2 ball pythons
  4 frilled lizards
  7 rats
74 creatures vanquished.

Notes
Turn   | Place    | Note
-------+----------+-------------------------------------------
     0 | D:1      | Jeffwins the Octopode Fighter began the quest for the Orb.
     0 | D:1      | Reached XP level 1. HP: 16/16 MP: 1/1
    92 | D:1      | Reached XP level 2. HP: 4/21 MP: 2/2
   417 | D:1      | Reached skill level 3 in Long Blades
   493 | D:1      | Reached XP level 3. HP: 17/26 MP: 3/3
  1142 | D:2      | Reached skill level 4 in Long Blades
  1290 | D:2      | Reached XP level 4. HP: 31/31 MP: 4/4
  1425 | D:2      | Noticed Jessica
  1430 | D:2      | Killed Jessica
  1433 | D:2      | Found a runed door.
  1437 | D:2      | Noticed Crazy Yiuf
  1443 | D:2      | Killed Crazy Yiuf
  1443 | D:2      | Reached skill level 5 in Long Blades
  1443 | D:2      | Reached XP level 5. HP: 35/36 MP: 5/5
  1946 | D:3      | Found a shattered altar of Ashenzari.
  2279 | D:3      | Became a worshipper of Ashenzari the Shackled
  2319 | D:4      | Noticed Golfball's ghost (novice GrBe)
  2326 | D:4      | Slain by Golfball's ghost

Skill      XL: |  1  2  3  4 |
---------------+-------------+-----
Long Blades    | 3 4 5 |  5.9
Fighting       | |  3.0
Dodging        | |  3.0
Shields        | |  3.0

Action                   |  1- 3 |  4- 6 || total
-------------------------+-------+-------++-------
Melee: Long sword        |    56 |    66 ||   122
       Constrict         |    21 |    21 ||    42
       Tentacles         |    16 |    15 ||    31
  Use: Potion            |       |     1 ||     1
 Stab: Sleeping          |     7 |     2 ||     9
  Eat: Chunk             |     1 |     4 ||     5
Armor: Skin              |     1 |     6 ||     7
Dodge: Dodged            |    33 |    45 ||    78
       Rpst.: Long sword |    13 |    14 ||    27
